 Dungeon Crawl Stone Soup version 0.28-a0-1184-g53156a8862 (webtiles) character file.

Game seed: 12076635956729192813

250 devnull the Skirmisher (level 6, -1/52 HPs)
             Began as a Ghoul Gladiator on Dec 18, 2021.
             Slain by a centaur warrior zombie (2 damage)
             ... on level 5 of the Dungeon.
             The game lasted 00:07:13 (3509 turns).

devnull the Skirmisher (Ghoul Gladiator)            Turns: 3509, Time: 00:07:14

Health: -1/52      AC: 10    Str: 26    XL:     6   Next: 13%
Magic:  5/5        EV: 12    Int:  5    God:
Gold:   119        SH:  0    Dex: 10    Spells: 5/5 levels left

rFire   . . .      SeeInvis .   b - +0 mace (vorpal)
rCold   + . .      Faith    .   (no shield)
rNeg    + + +      Spirit   .   h - +0 ring mail
rPois   ∞          Reflect  .   g - +2 hat
rElec   +          Harm     .   (no cloak)
rCorr   .          Rampage  .   n - +0 pair of gloves
Will    .....                   q - +1 pair of boots
Stlth   ..........              o - amulet of regeneration
HPRegen 0.00/turn               e - ring "Wuliyqax" {Fly rElec Str+6 Int+2 Stlth-}
MPRegen 0.09/turn               (no ring)

@: flying, inhibited regen
A: claws 1, cold resistance 1, negative energy resistance 3, inhibited
regeneration, torment resistance 2
a: no special abilities


You were on level 5 of the Dungeon.
You visited 1 branch of the dungeon, and saw 5 of its levels.

You collected 223 gold pieces.
You spent 104 gold pieces at shops.

Inventory:

Hand Weapons
 a - a +0 war axe
 b - a +0 vorpal mace (weapon)
Missiles
 d - a throwing net
 i - 6 poisoned darts (quivered)
Armour
 g - a +2 hat (worn)
 h - a +0 ring mail (worn)
 n - a +0 pair of gloves (worn)
 q - a +1 pair of boots (worn)
 w - a +0 kite shield
Jewellery
 e - the ring "Wuliyqax" (left hand) {Fly rElec Str+6 Int+2 Stlth-}
   (You acquired it on level 3 of the Dungeon)

   [ring of strength]

   Str:       It affects your strength (+6).
   Int:       It affects your intelligence (+2).
   rElec:     It insulates you from electricity.
   Fly:       It grants you flight.
   Stlth:     It makes you less stealthy.
 o - an amulet of regeneration (around neck)
Wands
 k - a wand of polymorph (8)
Scrolls
 j - a scroll of blinking
 r - a scroll of vulnerability
 s - a scroll of enchant weapon {unknown}
 u - a scroll of enchant armour {unknown}
 v - 2 scrolls of identify
Potions
 c - 2 potions of resistance {unknown}
 f - a potion of mutation {unknown}
 l - a potion of haste {unknown}
 m - a potion of heal wounds
 p - a potion of degeneration {unknown}
 t - 3 potions of curing
 x - a potion of brilliance {unknown}


   Skills:
 + Level 4.3 Fighting
 - Level 2.6 Axes
 + Level 3.4 Throwing
 + Level 4.1 Dodging


You had 5 spell levels left.
You didn't know any spells.
Your spell library contained the following spells:

 Spells                   Type           Power      Damage    Failure   Level
 Magic Dart               Conj           0%         1d3       63%         1
 Call Imp                 Summ           0%         N/A       77%         2
 Passwall                 Tmut/Erth      0%         N/A       77%         2
 Mephitic Cloud           Conj/Pois/Air  0%         N/A       94%         3
 Swiftness                Air            0%         N/A       94%         3


Dungeon Overview and Level Annotations

Branches:
Dungeon (5/15)
 Temple: D:4-7

Altars:
Yredelemnul

Shops:
D:1 !   D:2 =


Innate Abilities, Weirdness & Mutations

You thrive by killing the living.
You are immune to poison.
You have sharp fingernails.
Your flesh is cold resistant. (rC+)
You are immune to negative energy. (rN+++)
You do not regenerate when monsters are visible.
You are immune to unholy pain and torment.


Message History

The centaur warrior zombie hits you.
* * * LOW HITPOINT WARNING * * *
The centaur warrior zombie barely misses you.
Unknown command.
Throw: 8 darts (poison)
Press: ? - help, Q - select action, (/) - cycle Shift-Dir - straight line, f/p - centaur warrior zombie
Aim: a centaur warrior zombie (severely damaged, 86% to hit)
You throw a poisoned dart.
The poisoned dart hits the centaur warrior zombie.
The centaur warrior zombie is severely damaged.
The centaur warrior zombie barely misses you. x2
Throw: 7 darts (poison)
Press: ? - help, Q - select action, (/) - cycle Shift-Dir - straight line, f/p - centaur warrior zombie
Aim: a centaur warrior zombie (severely damaged, 86% to hit)
You throw a poisoned dart.
The poisoned dart hits the centaur warrior zombie.
The centaur warrior zombie is severely damaged.
The centaur warrior zombie hits you but does no damage.
The centaur warrior zombie kicks you.
* * * LOW HITPOINT WARNING * * *
Unknown command.
Unknown command.
Unknown command.
Throw: 2 throwing nets
Press: ? - help, Shift-Dir - straight line, f/p - centaur warrior zombie
Aim: a centaur warrior zombie (severely damaged, 86% to hit)
You throw a throwing net.
The throwing net hits the centaur warrior zombie.
The centaur warrior zombie is caught in the net!
The centaur warrior zombie is severely damaged.
The centaur warrior zombie struggles against the net.
You hit the centaur warrior zombie.
The centaur warrior zombie is almost destroyed.
The centaur warrior zombie struggles against the net.
You hit the centaur warrior zombie.
The centaur warrior zombie is almost destroyed.
The centaur warrior zombie struggles against the net.
The net rips apart, and the centaur warrior zombie comes free!
The centaur warrior zombie hits you.
You die...

# ############+##..#
#######................###
#.....#........#.#.#.....#
#.....#.............[....#
#.....#........#.#.#.....#
####'##..................#
...............#.#.#..+#######
.......###'###..@Z..$.........
..)....#..........#...........
.......+..........#........#.#
.......#..........#...........
#+######..........#........#.#
#......#..........#...........
#......#..........#........#$#
......##....####+##...........
......##....#


You could see a centaur warrior zombie.

Vanquished Creatures
  A hound (D:4)
  2 centaur skeletons
  An iguana (D:4)
  A hound skeleton (D:5)
  A gnoll (D:4)
  3 adders
  4 worms
  2 dart slugs
  10 orcs (D:3)
  2 endoplasms
  3 giant cockroaches
  3 goblins (D:1)
  9 hobgoblins
  2 jackals (D:2)
  4 kobolds
  4 quokkas
  5 ball pythons
  5 bats
  4 frilled lizards
  6 rats
72 creatures vanquished.

Notes
Turn   | Place    | Note
-------+----------+-------------------------------------------
     0 | D:1      | devnull the Ghoul Gladiator began the quest for the Orb.
     0 | D:1      | Reached XP level 1. HP: 17/17 MP: 0/0
    73 | D:1      | Reached XP level 2. HP: 25/25 MP: 1/1
   461 | D:1      | Found Feisekh's Distillery.
   733 | D:1      | Found a faded altar of an unknown god.
   940 | D:2      | Reached XP level 3. HP: 30/30 MP: 2/2
  1121 | D:2      | Found a basalt altar of Yredelemnul.
  1231 | D:2      | Found Douddim's Jewellery Emporium.
  1930 | D:3      | Identified a scroll of acquirement
  1930 | D:3      | Acquired the ring "Wuliyqax" {Fly rElec Str+6 Int+2 Stlth-}
  1973 | D:3      | Reached XP level 4. HP: 38/38 MP: 3/3
  2658 | D:1      | Bought a potion of heal wounds for 65 gold pieces
  2658 | D:1      | Bought a potion of curing for 39 gold pieces
  2763 | D:4      | Reached XP level 5. HP: 46/46 MP: 4/4
  2892 | D:4      | Noticed a kobold brigand
  3389 | D:5      | Entered Level 5 of the Dungeon
  3424 | D:5      | Reached XP level 6. HP: 48/52 MP: 5/5
  3501 | D:5      | HP: 2/52 [centaur warrior zombie (7)]
  3506 | D:5      | HP: 1/52 [centaur warrior zombie (1)]
  3509 | D:5      | Slain by a centaur warrior zombie

Illustrated notes

Levels and vault maps discovered:
D:1:      ncdulo_watergridlock, layout_loops_ring,
          shapermc_ecumenical_altar_petra, serial_shops, nicolae_shop_stone,
          moated_statue, st_stairs_14, lemuel_old_faithful
D:2:      layout_basic, serial_shops, shop, basic_altar
D:3:      layout_basic
D:4:      layout_gridville, minmay_crossroads
D:5:      layout_gridville, serial_glass, glass_columns_b, glass_columns_a,
          glass_columns_b, glass_columns_a, glass_columns_b,
          gammafunk_ghost_stat_death, roderic_batcave, saegor_snake_ambush

Skill      XL: |  1  2  3  4  5 |
---------------+----------------+-----
Throwing       | 2 3 |  3.4
Dodging        | 3 4 |  4.1
Fighting       | 3 4 |  4.3
Axes           | |  2.6

Action                   |  1- 3 |  4- 6 || total
-------------------------+-------+-------++-------
Melee: War axe           |    75 |       ||    75
       Mace              |    55 |   121 ||   176
Throw: Dart              |     6 |     3 ||     9
       Throwing net      |     2 |     1 ||     3
  Use: Scroll            |     3 |     2 ||     5
       Potion            |       |     1 ||     1
Armor: Leather armour    |     9 |       ||     9
       Ring mail         |    39 |    86 ||   125
Dodge: Dodged            |    97 |    97 ||   194

Table legend: (Time is in decaauts)
 A = Elapsed time spent in this place.
 B = Non-inter-level travel time spent in this place.
 C = Inter-level travel time spent in this place.
 D = Time resting spent in this place.
 E = Time spent auto-exploring this place.
 F = Levels seen in this place.
 G = Mean time per level.
                   A        B        C        D        E       F      G
               +--------+--------+--------+--------+--------+-----+--------+
         Total |   3596 |   3267 |    329 |      0 |   2560 |   5 |  719.2 |
       Dungeon |   3596 |   3267 |    329 |      0 |   2560 |   5 |  719.2 |
               +--------+--------+--------+--------+--------+-----+--------+

Top non-repeatable levels by time:
     D:2: 1038 daAuts
     D:1: 1029 daAuts
     D:3: 755 daAuts
     D:4: 669 daAuts
     D:5: 103 daAuts
